3AA
BARTON SPRINGS BLUES @ RICHLAND RAILS
09/02/2042
 
TOP OF THE 1ST
Barton Springs Blues batting - Pitching for Richland Rails : RHP Frank Wilson
Pitching: RHP Frank Wilson
Batting: RHB Steffen Schulte 0-0: Ball
1-0: Ball
2-0: Called Strike
2-1: Ball
3-1: Foul Ball, location: 2F
3-2: Foul Ball, location: 2F
3-2: SINGLE (Groundball, 4MD, EV 104.4 MPH)
Batting: RHB Donald Martin 0-0: Ball
1-0: SINGLE (Groundball, 13S, EV 71.2 MPH) (infield hit)
Steffen Schulte to second
Batting: SHB Bill Gatacre 0-0: SINGLE (Groundball, 34D, EV 108.1 MPH)
Steffen Schulte to third
Donald Martin to second
Runner from 3rd tries for Home, SAFE, throw by RF to home
Batting: LHB Ben Chell 0-0: Ball
1-0: Called Strike
1-1: Called Strike
1-2: Grounds into double play, 6-4-3 (Groundball, 6M, EV 80.6 MPH)
Donald Martin to third
Batting: RHB Shawn Mullins 0-0: Ball
1-0: Called Strike
1-1: Called Strike
1-2: Ball
2-2: Ground out 4-3 (Groundball, 4, EV 104.4 MPH)
Top of the 1st over - 1 run, 3 hits, 0 errors, 1 left on base; Barton Springs 1 - Richland 0
BOTTOM OF THE 1ST
Richland Rails batting - Pitching for Barton Springs Blues : RHP Dave Newman
Pitching: RHP Dave Newman
Batting: RHB Greg Ge 0-0: Called Strike
0-1: Ground out 5-3 (Groundball, 56, EV 101.2 MPH)
Batting: SHB Gavin Okel 0-0: Foul Ball, location: 2F
0-1: Fly out, F7 (Flyball, 7LSF, EV 86.2 MPH)
Batting: RHB César Vélez 0-0: Foul Ball, location: 2F
0-1: Foul Ball, location: 2F
0-2: Foul Ball, location: 2F
0-2: Fly out, F7 (Line Drive, 7D, EV 90.6 MPH)
Bottom of the 1st over - 0 runs, 0 hits, 0 errors, 0 left on base; Barton Springs 1 - Richland 0
TOP OF THE 2ND
Barton Springs Blues batting - Pitching for Richland Rails : RHP Frank Wilson
Batting: RHB Francisco Ortíz 0-0: Ball
1-0: Called Strike
1-1: SINGLE (Groundball, 6D, EV 95.0 MPH)
Batting: RHB Felipe Gonzáles 0-0: Ball
Francisco Ortíz is caught stealing 2nd base 2-4
1-0: Foul Ball, location: 2F
1-1: Swinging Strike
1-2: SOLO HOME RUN (Flyball, 78XD, EV 110.0 MPH), Distance : 376 ft
Batting: RHB José González 0-0: Ball
1-0: SINGLE (Groundball, 6MD, EV 100.0 MPH)
Batting: RHB Mike O'Neill 0-0: Ball
José González steals 2nd base (no throw)
1-0: Called Strike
1-1: Swinging Strike
1-2: Ball
2-2: Foul Ball, location: 2F
2-2: Foul Ball, location: 2F
2-2: Strikes out looking
Batting: RHB Steffen Schulte 0-0: Ball
1-0: Called Strike
1-1: SINGLE (Groundball, 56D, EV 104.4 MPH)
José González to third
Runner from 3rd tries for Home, SAFE, no throw by LF
Batting: RHB Donald Martin 0-0: Ball
1-0: Ball
2-0: Called Strike
2-1: Called Strike
2-2: Foul Ball, location: 2F
2-2: Ball
Steffen Schulte steals 2nd base
3-2: DOUBLE (Flyball, 8LXD, EV 95.0 MPH)
Steffen Schulte scores
Batting: SHB Bill Gatacre 0-0: Ground out 4-3 (Groundball, 4, EV 75.6 MPH)
Top of the 2nd over - 3 runs, 5 hits, 0 errors, 1 left on base; Barton Springs 4 - Richland 0
BOTTOM OF THE 2ND
Richland Rails batting - Pitching for Barton Springs Blues : RHP Dave Newman
Batting: RHB Ernesto Rivera 0-0: Ball
1-0: Fly out, F8 (Flyball, 8LM, EV 85.6 MPH)
Batting: RHB Glenn Seals 0-0: Ball
1-0: Fly out, F4 (Popup, 3D, EV 64.4 MPH)
Batting: RHB Wilbur Thomas 0-0: Foul Ball, location: 2F
0-1: Ball
1-1: Swinging Strike
1-2: Ball
2-2: Ball
3-2: Fly out, F3 (Popup, 3SF, EV 68.1 MPH)
Bottom of the 2nd over - 0 runs, 0 hits, 0 errors, 0 left on base; Barton Springs 4 - Richland 0
TOP OF THE 3RD
Barton Springs Blues batting - Pitching for Richland Rails : RHP Frank Wilson
Batting: LHB Ben Chell 0-0: Ground out U3 (Groundball, 34, EV 99.4 MPH)
Batting: RHB Shawn Mullins 0-0: Called Strike
0-1: Fly out, F6 (Popup, P, EV 75.6 MPH)
Batting: RHB Francisco Ortíz 0-0: Foul Ball, location: 2F
0-1: Ball
1-1: Foul Ball, location: 2F
1-2: Fly out, F7 (Line Drive, 7, EV 91.9 MPH)
Top of the 3rd over - 0 runs, 0 hits, 0 errors, 0 left on base; Barton Springs 4 - Richland 0
BOTTOM OF THE 3RD
Richland Rails batting - Pitching for Barton Springs Blues : RHP Dave Newman
Batting: RHB Tony Juderías 0-0: Ball
1-0: SINGLE (Line Drive, 89S, EV 104.4 MPH)
Batting: RHB Javier Botín 0-0: Called Strike
Tony Juderías steals 2nd base
0-1: Ground out 6-3 (Groundball, 6, EV 85.6 MPH)
Tony Juderías to third
Batting: RHB Steve Haley 0-0: Ball
1-0: Ball
2-0: Ball
3-0: Base on Balls
Batting: RHB Greg Ge 0-0: Foul Ball, location: 2F
0-1: Called Strike
0-2: Ball
1-2: Ball
2-2: Ball
3-2: Foul Ball, location: 2F
3-2: Foul Ball, location: 2F
3-2: Base on Balls
Steve Haley to second
Batting: SHB Gavin Okel 0-0: Ball
1-0: Ball
2-0: Fielders Choice at 2nd, 3-6 (Groundball, 3, EV 90.0 MPH)
Tony Juderías scores
Steve Haley to third
Batting: RHB César Vélez 0-0: Ball
1-0: Foul Ball, location: 2F
1-1: Ball
2-1: Foul Ball, location: 2F
2-2: Foul Ball, location: 2F
2-2: Foul Ball, location: 2F
2-2: SINGLE (Line Drive, 8LS, EV 105.6 MPH)
Steve Haley scores
Gavin Okel to second
Batting: RHB Ernesto Rivera 0-0: Called Strike
0-1: SINGLE (Line Drive, 8LS, EV 113.8 MPH)
Gavin Okel to third
César Vélez to second
Runner from 3rd tries for Home, SAFE, throw by CF to home
Batting: RHB Glenn Seals 0-0: SINGLE (Groundball, 6MD, EV 98.1 MPH)
César Vélez to third
Ernesto Rivera to second
Runner from 3rd tries for Home, SAFE, no throw by CF
Batting: RHB Wilbur Thomas 0-0: Called Strike
0-1: Foul Ball, location: 2F
0-2: Ball
1-2: Foul Ball, location: 2F
1-2: 3-RUN HOME RUN (Flyball, 78XD, EV 110.6 MPH), Distance : 403 ft
Pitching: LHP Laurens Bancroft
Batting: RHB Tony Juderías 0-0: Ball
1-0: Ball
2-0: Swinging Strike
2-1: Ball
3-1: Foul Ball, location: 2F
3-2: Base on Balls
Batting: RHB Javier Botín 0-0: Ball
1-0: Called Strike
1-1: Ball
2-1: Called Strike
2-2: SINGLE (Groundball, 4D, EV 93.8 MPH)
Tony Juderías to second
Runner from 2nd tries for 3rd, OUT! 9-5
Bottom of the 3rd over - 7 runs, 6 hits, 0 errors, 1 left on base; Barton Springs 4 - Richland 7
TOP OF THE 4TH
Barton Springs Blues batting - Pitching for Richland Rails : RHP Frank Wilson
Batting: RHB Felipe Gonzáles 0-0: Ball
1-0: Fly out, F8 (Flyball, 8RD, EV 98.8 MPH)
Batting: RHB José González 0-0: Ball
1-0: Called Strike
1-1: Called Strike
1-2: Foul Ball, location: 2F
1-2: Strikes out looking
Batting: RHB Mike O'Neill 0-0: Ball
1-0: Foul Ball, location: 2F
1-1: Ball
2-1: Ball
3-1: Called Strike
3-2: Foul Ball, location: 2F
3-2: Ground out 5-3 (Groundball, 56S, EV 67.5 MPH)
Top of the 4th over - 0 runs, 0 hits, 0 errors, 0 left on base; Barton Springs 4 - Richland 7
BOTTOM OF THE 4TH
Richland Rails batting - Pitching for Barton Springs Blues : LHP Laurens Bancroft
Batting: RHB Steve Haley 0-0: Ball
1-0: Ball
2-0: Ground out 6-3 (Groundball, 6MD, EV 82.5 MPH)
Batting: RHB Greg Ge 0-0: Called Strike
0-1: Fly out, F8 (Flyball, 8RD, EV 105.6 MPH)
Batting: SHB Gavin Okel 0-0: Called Strike
0-1: Ball
1-1: Fly out, F9 (Line Drive, 9D, EV 84.4 MPH)
Bottom of the 4th over - 0 runs, 0 hits, 0 errors, 0 left on base; Barton Springs 4 - Richland 7
TOP OF THE 5TH
Barton Springs Blues batting - Pitching for Richland Rails : RHP Frank Wilson
Batting: RHB Steffen Schulte 0-0: Ball
1-0: Ground out 6-3 (Groundball, 6, EV 85.0 MPH)
Batting: RHB Donald Martin 0-0: Ball
1-0: Foul Ball, location: 2F
1-1: Called Strike
1-2: Strikes out swinging
Batting: SHB Bill Gatacre 0-0: Foul Ball, location: 2F
0-1: Fly out, F9 (Flyball, 9D, EV 93.8 MPH)
Top of the 5th over - 0 runs, 0 hits, 0 errors, 0 left on base; Barton Springs 4 - Richland 7
BOTTOM OF THE 5TH
Richland Rails batting - Pitching for Barton Springs Blues : LHP Laurens Bancroft
Batting: RHB César Vélez 0-0: Fly out, F4 (Popup, 4, EV 64.4 MPH)
Batting: RHB Ernesto Rivera 0-0: Swinging Strike
0-1: Foul Ball, location: 2F
0-2: Foul Ball, location: 2F
0-2: Strikes out swinging
Batting: RHB Glenn Seals 0-0: Ball
1-0: Swinging Strike
1-1: TRIPLE (Flyball, 89XD, EV 106.2 MPH)
Batting: RHB Wilbur Thomas 0-0: Ball
1-0: Foul Ball, location: 2F
1-1: Ball
2-1: Foul Ball, location: 2F
2-2: Ball
3-2: Foul Ball, location: 2F
3-2: Base on Balls
Batting: RHB Tony Juderías 0-0: Ball
1-0: Ball
2-0: SINGLE (Groundball, 6MD, EV 107.5 MPH)
Glenn Seals scores
Wilbur Thomas to second
Batting: RHB Javier Botín 0-0: Called Strike
0-1: Called Strike
0-2: Ball
1-2: Ball
2-2: Ground out 6-3 (Groundball, 6D, EV 96.9 MPH)
Bottom of the 5th over - 1 run, 2 hits, 0 errors, 2 left on base; Barton Springs 4 - Richland 8
TOP OF THE 6TH
Barton Springs Blues batting - Pitching for Richland Rails : RHP Frank Wilson
Batting: LHB Ben Chell 0-0: SINGLE (Groundball, 34D, EV 100.6 MPH)
Batting: RHB Shawn Mullins 0-0: Ball
1-0: SINGLE (Groundball, 4, EV 101.2 MPH) (infield hit)
Ben Chell to second
Batting: RHB Francisco Ortíz 0-0: Foul Ball, location: 2F
0-1: Foul Ball, location: 2F
0-2: Ball
1-2: Fielders Choice at 2nd, 4-6 (Groundball, 4, EV 101.9 MPH)
Ben Chell to third
Pitching: LHP Donnie Ash
Batting: RHB Felipe Gonzáles 0-0: Called Strike
0-1: Ball
1-1: Foul Ball, location: 2F
1-2: Strikes out swinging
Batting: RHB José González 0-0: Foul Ball, location: 2F
0-1: Foul Ball, location: 2F
0-2: Foul Ball, location: 2F
0-2: Strikes out looking
Top of the 6th over - 0 runs, 2 hits, 0 errors, 2 left on base; Barton Springs 4 - Richland 8
BOTTOM OF THE 6TH
Richland Rails batting - Pitching for Barton Springs Blues : LHP Laurens Bancroft
Batting: RHB Steve Haley 0-0: Fly out, F9 (Flyball, 9LS, EV 91.9 MPH)
Batting: RHB Greg Ge 0-0: Called Strike
0-1: Foul Ball, location: 2F
0-2: Hit by Pitch
Batting: SHB Gavin Okel 0-0: Foul Ball, location: 2F
0-1: Foul Ball, location: 2F
0-2: Foul Ball, location: 2F
0-2: Ball
1-2: Foul Ball, location: 2F
1-2: Ball
2-2: SINGLE (Groundball, 34D, EV 96.9 MPH)
Greg Ge to second
Runner from 2nd tries for 3rd, SAFE, no throw by RF
Pitching: RHP Rafael Santiago
Batting: RHB César Vélez 0-0: Ball
1-0: Ball
2-0: Fly out, F5 (Popup, 5SF, EV 70.0 MPH)
Batting: RHB Ernesto Rivera 0-0: Ball
1-0: Swinging Strike
1-1: Ball
2-1: Ball
3-1: 3-RUN HOME RUN (Flyball, 7D, EV 103.8 MPH), Distance : 344 ft
Batting: RHB Glenn Seals 0-0: Foul Ball, location: 2F
0-1: Ball
1-1: Swinging Strike
1-2: Ball
2-2: Strikes out swinging
Bottom of the 6th over - 3 runs, 2 hits, 0 errors, 0 left on base; Barton Springs 4 - Richland 11
TOP OF THE 7TH
Barton Springs Blues batting - Pitching for Richland Rails : LHP Donnie Ash
Batting: RHB Mike O'Neill 0-0: Called Strike
0-1: Ball
1-1: Ball
2-1: Foul Ball, location: 2F
2-2: Ball
3-2: Foul Ball, location: 2F
3-2: Foul Ball, location: 2F
3-2: Foul Ball, location: 2F
3-2: Base on Balls
Batting: RHB Steffen Schulte 0-0: Ball
1-0: Called Strike
1-1: Swinging Strike
1-2: Foul Ball, location: 2F
1-2: DOUBLE (Groundball, 5L, EV 100.6 MPH)
Mike O'Neill to third
Batting: RHB Donald Martin 0-0: Called Strike
0-1: Ball
1-1: Fly out, F8 (Flyball, 8LM, EV 95.6 MPH)
Runner from 3rd tags up, SCORES, throw by CF
Batting: SHB Bill Gatacre 0-0: Called Strike
0-1: Foul Ball, location: 2F
0-2: Ball
1-2: Ground out 6-3 (Groundball, 56, EV 103.8 MPH)
Batting: LHB Ben Chell 0-0: Swinging Strike
0-1: Swinging Strike
0-2: Ball
1-2: Ball
2-2: Ball
3-2: Ground out 5-3 (Groundball, 56, EV 111.2 MPH)
Top of the 7th over - 1 run, 1 hit, 0 errors, 1 left on base; Barton Springs 5 - Richland 11
BOTTOM OF THE 7TH
Richland Rails batting - Pitching for Barton Springs Blues : RHP Rafael Santiago
Batting: RHB Wilbur Thomas 0-0: Ground out 6-3 (Groundball, 6, EV 90.6 MPH)
Batting: RHB Tony Juderías 0-0: Foul Ball, location: 2F
0-1: SINGLE (Groundball, 25, EV 64.4 MPH) (infield hit)
Batting: RHB Javier Botín 0-0: Called Strike
0-1: SINGLE (Groundball, 4MD, EV 103.8 MPH)
Tony Juderías to second
Batting: RHB Steve Haley 0-0: Foul Ball, location: 2F
0-1: Swinging Strike
0-2: Ball
1-2: Ball
2-2: Ball
3-2: Strikes out looking
Batting: RHB Greg Ge 0-0: Ball
1-0: Ball
2-0: Fielders Choice at 2nd, 6-4 (Groundball, 6, EV 90.6 MPH)
Bottom of the 7th over - 0 runs, 2 hits, 0 errors, 2 left on base; Barton Springs 5 - Richland 11
TOP OF THE 8TH
Barton Springs Blues batting - Pitching for Richland Rails : LHP Donnie Ash
Batting: RHB Shawn Mullins 0-0: Hit by Pitch
Batting: RHB Francisco Ortíz 0-0: Called Strike
0-1: Ball
1-1: Called Strike
1-2: Strikes out looking
Pitching: LHP Camillo Vialli
Batting: RHB Felipe Gonzáles 0-0: Ball
1-0: DOUBLE (Line Drive, 89XD, EV 108.1 MPH)
Shawn Mullins to third
Runner from 3rd tries for Home, SAFE, throw by CF to home
Batting: RHB José González 0-0: Ground out U3 (Groundball, 34, EV 81.9 MPH)
Felipe Gonzáles to third
Batting: RHB Mike O'Neill 0-0: Foul Ball, location: 2F
0-1: Ground out 3-1 (Groundball, 34, EV 86.9 MPH)
Top of the 8th over - 1 run, 1 hit, 0 errors, 1 left on base; Barton Springs 6 - Richland 11
BOTTOM OF THE 8TH
Richland Rails batting - Pitching for Barton Springs Blues : RHP Rafael Santiago
Batting: SHB Gavin Okel 0-0: Called Strike
0-1: Ball
1-1: Ground out 5-3 (Groundball, 5, EV 84.4 MPH)
Batting: RHB César Vélez 0-0: Ball
1-0: Ball
2-0: Called Strike
2-1: Foul Ball, location: 2F
2-2: Foul Ball, location: 2F
2-2: Foul Ball, location: 2F
2-2: DOUBLE (Line Drive, 78M, EV 93.8 MPH)
Batting: RHB Ernesto Rivera 0-0: Ball
1-0: Swinging Strike
1-1: Called Strike
1-2: Foul Ball, location: 2F
1-2: Ball
2-2: Ball
3-2: Fly out, F8 (Line Drive, 8LM, EV 96.2 MPH)
Runner from 2nd tags up, SAFE at 3rd with throw by CF
Batting: RHB Glenn Seals 0-0: Ball
1-0: Reached on error, E6 (Groundball, 6, EV 76.2 MPH)
César Vélez scores
Batting: RHB Wilbur Thomas 0-0: Called Strike
0-1: Called Strike
0-2: Ball
1-2: Foul Ball, location: 2F
1-2: Foul Ball, location: 2F
1-2: Ball
2-2: Foul Ball, location: 2F
2-2: Ball
3-2: Base on Balls
Batting: RHB Tony Juderías 0-0: Ball
1-0: Ball
2-0: Ball
3-0: Base on Balls
Glenn Seals to third
Wilbur Thomas to second
Batting: RHB Javier Botín 0-0: Called Strike
0-1: Ball
1-1: Called Strike
1-2: Foul Ball, location: 2F
1-2: Ball
Wild Pitch!
Glenn Seals scores
Wilbur Thomas to third
Tony Juderías to second
2-2: Strikes out swinging
Bottom of the 8th over - 2 runs, 1 hit, 1 error, 2 left on base; Barton Springs 6 - Richland 13
TOP OF THE 9TH
Barton Springs Blues batting - Pitching for Richland Rails : LHP Camillo Vialli
Batting: RHB Steffen Schulte 0-0: Foul Ball, location: 2F
0-1: Called Strike
0-2: Fly out, F8 (Flyball, 8RS, EV 76.9 MPH)
Batting: RHB Donald Martin 0-0: Ground out U3 (Groundball, 3, EV 78.1 MPH)
Batting: SHB Bill Gatacre 0-0: Fly out, F8 (Flyball, 8RM, EV 88.8 MPH)
Top of the 9th over - 0 runs, 0 hits, 0 errors, 0 left on base; Barton Springs 6 - Richland 13
Friday, March 26th, 2021 - OOTP Baseball 20.8 Build 74